 Dungeon Sprint DCSS version 0.30.1-11-g7821555f0a (webtiles) character file.

Game seed: 6194399071575105007

46 Groucho the Caller (level 3, -6/24 HPs)
             Began as a Merfolk Summoner on Jan 7, 2024.
             Mangled by Crazy Yiuf
             ... wielding a +3 quarterstaff of chaos
              (16 damage)
             ... in the Dungeon (Sprint III: "The Ten Rune Challenge").
             The game lasted 00:02:21 (910 turns).

Groucho the Caller (Merfolk Summoner)                Turns: 910, Time: 00:02:21

Health: -6/24      AC:  2    Str:  8    XL:     3   Next: 66%
Magic:  2/8        EV: 12    Int: 16    God:
Gold:   0          SH:  0    Dex: 14    Spells: 4/10 levels left

rFire   + . .        (no weapon)
rCold   + . .        (no shield)
rNeg    . . .        a - +0 robe
rPois   +            (no helmet)
rElec   +            (no cloak)
rCorr   +            (no gloves)
SInv    .            (no boots)
Will    .....        (no amulet)
Stlth   ++           (no ring)
HPRegen 0.24/turn    (no ring)
MPRegen 0.11/turn

%: no teleportation
@: resistant
A: (nimble swimmer 2), mertail
a: no special abilities


You were in the Dungeon.
You visited 1 branch

Inventory:

Missiles
 h - 2 javelins
Armour
 a - a +0 robe (worn)
Scrolls
 g - a scroll of blinking
 i - a scroll of fear {unknown}
Potions
 b - 3 potions of magic
 c - a potion of curing
 d - a potion of heal wounds
 e - a potion of haste
 f - a potion of berserk rage


   Skills:
 - Level 2.6 Dodging
 - Level 2.1 Stealth
 + Level 4.0 Spellcasting
 * Level 6.9 Summonings


You had 4 spell levels left.
You knew the following spells:

 Your Spells              Type           Power      Damage    Failure   Level
a - Summon Small Mammal   Summ           100%       N/A       1%          1
b - Call Imp              Summ           50%        N/A       1%          2
c - Call Canine Familiar  Summ           25%        N/A       3%          3

Your spell library contained the following spells:

 Spells                   Type           Power      Damage    Failure   Level
 Summon Guardian Golem    Hex/Summ       14%        N/A       12%         3
 Summon Lightning Spire   Summ/Air       14%        N/A       36%         4


Dungeon Overview and Level Annotations

Branches:
Dungeon (1/1)

Altars:

Annotations:
D Crazy Yiuf


Innate Abilities, Weirdness & Mutations

((You are very nimble when in or above water. (Stealth+, EV+, Speed+++)))
Your lower body shifts to a powerful aquatic tail in water.


Message History

Casting: Call Imp (safe; 1% risk of failure)
Confirm with . or Enter, or press ? or * to list all spells.
Crazy Yiuf misses you.
Casting: Summon Small Mammal (safe; 1% risk of failure)
Confirm with . or Enter, or press ? or * to list all spells.
Your quokka bites Crazy Yiuf.
Crazy Yiuf closely misses you.
Your hound closely misses Crazy Yiuf.
Unknown command.
Your quokka bites Crazy Yiuf.
Your hound bites Crazy Yiuf but does no damage.
Unknown command.
Unknown command.
Unknown command.
Crazy Yiuf attacks as you move away!
Crazy Yiuf hits you with a +3 quarterstaff of chaos.
Your quokka bites Crazy Yiuf.
Your cerulean imp barely misses Crazy Yiuf.
Your hound barely misses Crazy Yiuf.
Unknown command.
Unknown command.
Unknown command.
Unknown command.
Unknown command.
Unknown command.
Crazy Yiuf attacks as you move away! Crazy Yiuf barely misses you.
Your hound disappears in a puff of smoke!
Your quokka barely misses Crazy Yiuf. x2
Unknown command.
Unknown command.
Unknown command.
Casting: Summon Small Mammal (safe; 1% risk of failure)
Confirm with . or Enter, or press ? or * to list all spells.
You don't have enough magic to cast this spell.
Unknown command.
Unknown command.
You hit Crazy Yiuf.
Crazy Yiuf is severely wounded.
Crazy Yiuf hits you with a +3 quarterstaff of chaos!
Ouch! That really hurt!
You die...

▓▓▓▓▓▓▓▓▓
▓<..#...####
▓...#......##
▓..##.......# .#
▓##.##.##...# .#
##r##.###@.# ..#
▓#.####.##g.# ...+
▓.###†.##rr##
#...# ▓#.....##5.#
#....#
###..##.).##h....#
##..##....#..5...#
#..###..##.#.....#
#..# #.. ####....#
▓▓▓▓ ▓▓▓ ▓▓▓▓▓


You could see Crazy Yiuf (ally target), a friendly cerulean imp (summoned) and 2
friendly quokkas.

Vanquished Creatures (collateral kills)
  Jessica (D)
  A human (D)
  3 rats (D)
5 creatures vanquished.

Notes
Turn   | Place    | Note
-------+----------+-------------------------------------------
     0 | D        | Groucho the Merfolk Summoner began the quest for the Orb.
     0 | D        | Reached XP level 1. HP: 13/13 MP: 3/3
   336 | D        | Noticed Jessica
   341 | D        | Killed Jessica
   342 | D        | Reached skill level 6 in Summonings
   342 | D        | Reached XP level 2. HP: 19/19 MP: 1/6
   342 | D        | Reached XP level 3. HP: 24/24 MP: 1/8
   611 | D        | Learned a level 2 spell: Call Imp
   615 | D        | Learned a level 3 spell: Call Canine Familiar
   896 | D        | Noticed Crazy Yiuf
   910 | D        | Mangled by Crazy Yiuf

Illustrated notes

Levels and vault maps discovered:
D:        dungeon_sprint_mu [sprint_mu_entry_cave, sprint_mu_temple_rooms,
          sprint_mu_d1_spiders, sprint_mu_d2_genie, sprint_mu_d3_branching,
          sprint_mu_orc_legion, sprint_mu_elf_gauntlet, sprint_mu_hive_nellie,
          sprint_mu_lair_fedhas, sprint_mu_vaults_butterflies,
          sprint_mu_slime_circle, sprint_mu_swamp_cave, sprint_mu_shoals_kraken,
          sprint_mu_blade_basic, sprint_mu_crypt_fortress,
          sprint_mu_tomb_spiral, sprint_mu_vestibule_basic,
          sprint_mu_gehenna_hellfire, sprint_mu_dis_giant,
          sprint_mu_tartarus_statrot, sprint_mu_cocytus_islands, sprint_mu_zot1]

Skill      XL: |  1  2  3 |
---------------+----------+-----
Spellcasting   | 3 4 |  4.0
Summonings     | 6 |  6.9
Dodging        | |  2.6
Stealth        | |  2.1

Action                     || total
---------------------------++-------
  Melee: Unarmed           ||     3
   Cast: Summon Small Mamm ||    12
         Call Imp          ||     2
         Call Canine Famil ||     2
  Dodge: Dodged            ||     5
